Map: Chantier naval orbital

Players

AgCl

  • Race: Protoss Protoss
  • League: Gold

deathasleep - Winner!

  • Race: Protoss Protoss
  • League: Gold

VOD

Have the link to the VOD?

Description

Time

  • Played on: July 18, 2015, 1:07 a.m.
  • Length: 13:55
Show
View Real Time Build Order
Export as new Build Order

AgCl Protoss 

Build Orders: Oracle Opening 

Get SALT Encoding   

  12  0:03  Probe  
  13  0:19  Probe  
  13  0:21  Pylon  
  14  0:30  Assimilator  
  14  0:41  Probe  
  15  0:44  Gateway  
  15  0:53  Probe  
  16  1:05  Probe (Chrono Boost)  
  16  1:06  Assimilator  
  16  1:09  Pylon  
  17  1:16  Probe (Chrono Boost)  
  18  1:22  Probe  
  19  1:33  Zealot (Chrono Boost)  
  19  1:35  Probe  
  23  1:47  Probe (Chrono Boost)  
  23  1:51  Cybernetics Core  
  23  1:58  Probe (Chrono Boost)  
  24  2:04  Probe (Chrono Boost)  
  25  2:16  Probe  
  25  2:20  Nexus  
  26  2:27  Stargate  
  26  2:35  Mothership Core (Chrono Boost)  
  28  2:49  Probe (Chrono Boost)  
  27  2:55  Warp Gate  
  27  2:58  Probe (Chrono Boost)  
  28  3:06  Probe  
  29  3:15  Pylon  
  29  3:18  Probe  
  29  3:19  Pylon  
  30  3:30  Pylon  
  30  3:32  Oracle, Robotics Facility  
  34  3:35  Probe (Chrono Boost)  
  34  3:38  Probe (Chrono Boost)  
  35  3:44  Probe (Chrono Boost)  
  35  3:46  Probe (Chrono Boost)  
  37  3:52  Probe (Chrono Boost)  
  38  3:59  Assimilator  
  38  4:01  Probe (Chrono Boost)  
  38  4:02  Assimilator  
  39  4:04  Probe (Chrono Boost)  
  41  4:10  Void Ray (Chrono Boost)  
  41  4:11  Probe (Chrono Boost)  
  41  4:12  Probe (Chrono Boost)  
  39  4:21  Probe (Chrono Boost)  
  36  4:31  Probe (Chrono Boost)  
  36  4:33  Probe (Chrono Boost)  
  36  4:41  Probe (Chrono Boost)  
  36  4:42  Probe (Chrono Boost)  
  38  4:46  Phoenix  
  41  4:54  Probe (Chrono Boost)  
  41  4:55  Probe (Chrono Boost)  
  41  4:58  Twilight Council  
  42  5:02  Probe (Chrono Boost)  
  42  5:03  Probe (Chrono Boost)  
  42  5:05  Pylon  
  45  5:14  Probe (Chrono Boost)  
  45  5:20  Probe (Chrono Boost)  
  47  5:21  Observer (Chrono Boost)  
  47  5:23  Probe (Chrono Boost)  
  47  5:25  Forge  
  47  5:26  Probe (Chrono Boost)  
  51  5:36  Probe x2 (Chrono Boost)  
  51  5:43  Probe (Chrono Boost)  
  51  5:48  Probe (Chrono Boost)  
  53  5:53  Observer (Chrono Boost), Dark Shrine  
  53  5:54  Probe (Chrono Boost)  
  56  5:58  Probe (Chrono Boost)  
  56  6:01  Probe (Chrono Boost)  
  52  6:07  Probe  
  52  6:12  Probe  
  52  6:16  Photon Cannon  
  47  6:22  Probe (Chrono Boost)  
  47  6:25  Probe (Chrono Boost)  
  49  6:29  Photon Cannon  
  47  6:35  Probe (Chrono Boost)  
  47  6:36  Probe (Chrono Boost)  
  47  6:38  Photon Cannon  
  48  6:44  Probe (Chrono Boost)  
  50  6:48  Probe (Chrono Boost)  
  50  7:05  Protoss Air Weapons Level 1  
  51  7:12  Nexus  
  51  7:13  Probe x2 (Chrono Boost)  
  51  7:14  Pylon  
  52  7:20  Probe x2 (Chrono Boost)  
  52  7:28  Pylon  
  52  7:32  Probe x2 (Chrono Boost)  
  52  7:36  Charge (Chrono Boost)  
  54  7:39  Pylon  
  54  7:41  Probe (Chrono Boost)  
  54  7:43  Phoenix  
  57  7:46  Probe (Chrono Boost)  
  57  7:49  Probe (Chrono Boost)  
  57  7:50  Assimilator  
  59  7:55  Protoss Ground Weapons Level 1  
  60  8:01  Probe (Chrono Boost)  
  60  8:02  Probe (Chrono Boost)  
  61  8:06  Stalker  
  61  8:07  Probe (Chrono Boost)  
  61  8:09  Probe (Chrono Boost)  
  65  8:18  Probe (Chrono Boost)  
  66  8:25  Assimilator  
  66  8:26  Probe (Chrono Boost)  
  69  8:29  Probe (Chrono Boost)  
  69  8:31  Probe (Chrono Boost)  
  69  8:34  Probe (Chrono Boost)  
  70  8:39  Gateway  
  70  8:40  Gateway, Probe (Chrono Boost)  
  73  8:41  Probe (Chrono Boost)  
  73  8:43  Gateway, Probe (Chrono Boost)  
  73  8:44  Photon Cannon  
  73  8:47  Gateway  
  75  8:48  Probe (Chrono Boost)  
  75  8:51  Probe (Chrono Boost)  
  75  8:52  Probe (Chrono Boost)  
  75  8:54  Probe  
  77  9:00  Probe  
  78  9:05  Probe  
  79  9:15  Dark Templar  
  79  9:16  Probe  
  82  9:29  Gateway  
  82  9:32  Gateway  
  82  9:33  Immortal (Chrono Boost), Pylon  
  86  9:40  Forge  
  86  9:42  Dark Templar x3  
  86  9:43  Pylon  
  85  9:45  Gateway  
  74  9:53  Dark Templar x2  
  54  10:11  Dark Templar x2  
  53  10:16  Gateway  
  53  10:19  Dark Templar x2, Protoss Ground Weapons Level 2 (Chrono Boost)  
  53  10:20  Dark Templar  
  55  10:25  Dark Templar  
  57  10:36  Zealot  
  59  10:44  Probe (Chrono Boost)  
  59  10:49  Probe (Chrono Boost), Nexus  
  61  10:52  Pylon  
  61  10:56  Probe (Chrono Boost), Zealot  
  61  10:57  Zealot x2  
  64  11:01  Immortal  
  70  11:08  Probe  
  70  11:09  Phoenix (Chrono Boost)  
  73  11:18  Protoss Shields Level 1 (Chrono Boost)  
  73  11:20  Archon x2  
  73  11:21  Archon  
  73  11:24  Probe  
  74  11:33  Pylon  
  74  11:34  Photon Cannon  
  76  11:40  Probe (Chrono Boost)  
  76  11:45  Probe (Chrono Boost)  
  76  11:49  Probe (Chrono Boost)  
  76  11:52  Probe (Chrono Boost)  
  78  11:57  Probe  
  79  12:01  Probe  
  79  12:04  Probe  
  79  12:07  Zealot  
  79  12:09  Probe  
  63  12:18  Dark Templar x4  
  60  12:23  Dark Templar  
  59  12:33  Probe (Chrono Boost)  
  60  12:38  Probe x2 (Chrono Boost)  
  60  12:39  Immortal (Chrono Boost)  
  65  12:50  Phoenix (Chrono Boost)  
  67  13:10  Dark Templar  
  63  13:23  Dark Templar  
  63  13:24  Dark Templar x2  
  63  13:25  Nexus  
  69  13:33  Dark Templar  
  69  13:34  Dark Templar  
  66  13:37  Archon x3  
  56  13:44  Dark Templar  
  46  13:51  Dark Templar  
Show
View Real Time Build Order
Export as new Build Order

deathasleep Protoss - Winner!

Build Orders: Oracle Opening 

Get SALT Encoding   

  12  0:01  Probe  
  13  0:14  Pylon  
  13  0:17  Probe  
  14  0:32  Probe (Chrono Boost)  
  15  0:40  Gateway  
  15  0:42  Probe (Chrono Boost)  
  16  0:44  Assimilator  
  16  0:49  Probe  
  17  0:53  Assimilator  
  17  1:01  Probe  
  18  1:13  Probe  
  19  1:25  Probe  
  20  1:27  Pylon  
  20  1:29  Cybernetics Core  
  20  1:37  Probe  
  21  1:49  Probe  
  21  1:51  Gateway  
  22  2:01  Probe  
  23  2:14  Adept (Chrono Boost)  
  25  2:17  Warp Gate (Chrono Boost)  
  25  2:18  Mothership Core  
  27  2:25  Pylon  
  27  2:29  Stargate  
  27  2:39  Stalker  
  28  2:50  Adept  
  30  3:12  Oracle (Chrono Boost)  
  33  3:18  Nexus  
  33  3:20  Pylon  
  33  3:23  Probe  
  34  3:41  Oracle (Chrono Boost)  
  38  3:48  Probe  
  38  4:00  Probe  
  39  4:12  Probe  
  39  4:16  Stalker x2  
  44  4:39  Probe x2  
  46  4:51  Probe x2  
  48  4:57  Stalker x2  
  49  5:01  Gateway  
  49  5:04  Gateway, Probe  
  49  5:05  Probe, Forge  
  51  5:07  Assimilator  
  51  5:08  Assimilator  
  51  5:10  Pylon  
  51  5:21  Stalker x2  
  55  5:38  Probe x2  
  57  5:43  Pylon  
  57  5:44  Protoss Ground Weapons Level 1 (Chrono Boost)  
  57  5:49  Oracle  
  60  5:50  Probe x2  
  62  6:05  Robotics Facility  
  62  6:10  Probe x2  
  64  6:16  Stalker  
  64  6:17  Stalker x2  
  62  6:34  Probe  
  62  6:35  Probe  
  64  6:43  Twilight Council  
  66  6:47  Probe (Chrono Boost)  
  66  6:50  Probe (Chrono Boost)  
  66  6:58  Probe (Chrono Boost)  
  66  6:59  Observer (Chrono Boost)  
  66  7:00  Probe (Chrono Boost)  
  69  7:01  Photon Cannon  
  69  7:06  Photon Cannon  
  69  7:08  Probe (Chrono Boost)  
  70  7:17  Immortal (Chrono Boost)  
  70  7:21  Pylon  
  74  7:23  Stalker  
  76  7:31  Protoss Ground Weapons Level 2 (Chrono Boost)  
  76  7:32  Pylon  
  76  7:50  Nexus  
  76  7:55  Blink (Chrono Boost)  
  76  7:57  Stalker x2  
  76  7:58  Adept x2  
  81  8:20  Stalker x2  
  81  8:26  Gateway  
  85  8:28  Probe  
  85  8:29  Gateway x2  
  85  8:30  Probe  
  87  8:41  Warp Prism (Chrono Boost)  
  89  8:50  Pylon  
  89  8:57  Stalker  
  91  9:08  Stalker  
  91  9:09  Stalker x2  
  97  9:16  Pylon  
  97  9:25  Immortal  
  101  9:35  Stalker  
  101  9:36  Stalker x2  
  107  9:38  Pylon  
  83  10:26  Observer (Chrono Boost)  
  68  10:36  Stalker x2  
  68  10:37  Stalker x4  
  68  10:38  Stalker  
  72  10:53  Probe  
  72  10:54  Probe  
  72  10:56  Probe (Chrono Boost)  
  69  11:04  Stalker x5  
  71  11:09  Probe (Chrono Boost)  
  71  11:10  Probe (Chrono Boost)  
  71  11:11  Probe (Chrono Boost)  
  82  11:13  Pylon  
  82  11:16  Photon Cannon  
  83  11:20  Stalker x2, Probe (Chrono Boost)  
  83  11:21  Pylon  
  83  11:24  Observer  
  88  11:35  Zealot x2  
  88  11:38  Adept  
  94  11:41  Adept  
  96  11:48  Photon Cannon  
  96  11:51  Adept  
  98  11:58  Adept x2  
  91  12:33  Observer  
  91  12:35  Probe x3  
  95  12:42  Stalker x2  
  95  12:43  Stalker x3  
  103  12:47  Probe x2  
  101  12:52  Robotics Facility  
  101  13:00  Assimilator  
  101  13:09  Assimilator  
  101  13:11  Stalker x2  
  101  13:12  Stalker x2  
Tags
 
Add a new tag
Caveats
  • Supply blocks, unpowered buildings, or Contaminate may cause inaccurate times.
  • Supply counts are checked every 10 seconds.